 Adventure DCSS version bcrawl-1.23.1 (webtiles) character file.

Game seed: 7460558576006722076

0 funkygono the Conjurer (level 1, -1/10 HPs)
             Began as a Gargoyle Conjurer on May 25, 2020.
             Slain by an adder (4 damage)
             ... on level 4 of the Dungeon on May 26, 2020.
             The game lasted 00:04:31 (1760 turns).

funkygono the Conjurer (Gargoyle Conjurer)          Turns: 1760, Time: 00:04:31

Health: -1/10      AC:  5    Str: 11    XL:     1   Next: 0%
Magic:  3/3        EV: 12    Int: 15    God:
Gold:   64         SH:  0    Dex: 17    Spells: 1/4 levels left
                                        Lives:  0   Deaths: 2

rFire    . . .     SeeInvis .   f - +0 whip
rCold    . . .     Gourm    .   (no shield)
rNeg     + . .     Faith    .   g - +0 leather armour
rPois    ∞         Spirit   .   (no helmet)
rElec    +         Reflect  .   (no cloak)
rCorr    .         Harm     .   (no gloves)
MR       .....                  (no boots)
Stlth    ++........             (no amulet)
HPRegen  0.03/turn              i - +7 ring of dexterity
MPRegen  0.08/turn              (no ring)

@: no status effects
A: negative energy resistance 1, electricity resistance, unbreathing,
petrification resistance, rot immunity, AC +2
a: no special abilities


You were on level 4 of the Dungeon.
You were not hungry.

You visited 1 branch of the dungeon, and saw 4 of its levels.

You collected 64 gold pieces.

Inventory:

Hand Weapons
 f - a +0 whip (weapon)
 h - a +1 mace
Missiles
 b - 665 stones (quivered)
Armour
 a - a +0 robe
 g - a +0 leather armour (worn)
Jewellery
 i - a +7 ring of dexterity (left hand)
Scrolls
 d - a scroll of remove curse {unknown}
 j - 3 scrolls of identify
 l - a scroll of teleportation
Potions
 c - a potion of magic
 k - 2 potions of cancellation
Comestibles
 e - 4 rations {!d}
 m - 3 chunks of flesh


   Skills:
 + Level 0.2 Armour
 + Level 1.8 Dodging
 + Level 2.8 Stealth
 + Level 2.1 Spellcasting
 + Level 4.9 Conjurations


You had one spell level left.
You knew the following spells:

 Your Spells              Type           Power        Failure   Level  Hunger
a - Magic Dart            Conj           ###.         3%          1    #......
b - Searing Ray           Conj           ###.....     6%          2    ###....

Your spell library contained the following spells:

 Spells                   Type           Power        Failure   Level  Hunger
 Iskenderun's Mystic Bla  Conj           ###.....     12%         3    ###....
 Fulminant Prism          Conj/Hex       #.........   71%         4    #####..
 Irradiate                Conj/Tmut      #.........   96%         5    ######.


Dungeon Overview and Level Annotations

Branches:
Dungeon (4/12)
 Temple: D:4-7

Altars:
Makhleb

Annotations:
D:2 Sigmund


Innate Abilities, Weirdness & Mutations

You are resistant to torment.
Your stone body is resilient. (AC +2)
You are immune to poison.
You resist negative energy. (rN+)
You are resistant to electric shocks. (rElec)
You can survive without breathing.
You are immune to petrification.
You are immune to rotting.


Message History

You see here 297 sling bullets.
The adder bites you but does no damage. The adder bites you but does no damage.
The adder barely misses you. The adder bites you. The adder closely misses you.
The adder barely misses you.
Found a stone staircase leading down.
The adder bites you. The adder bites you.
There is a stone staircase leading down here.
The adder bites you.
* * * LOW HITPOINT WARNING * * *
You climb downwards.
Found a robe.
There is a stone staircase leading up here.
You hit the adder.
The adder is moderately wounded.
The adder closely misses you. The adder bites you.
You die...

###
#@#
#S#
#.#
[.#
..#
...#
...#
#.#.#


You could see an adder.

Vanquished Creatures
  A worm (D:2)
  An orc (D:2)
  3 giant cockroaches
  2 goblins
  A hobgoblin (D:2)
  2 kobolds
  A quokka (D:2)
  2 bats
  A frilled lizard (D:2)
  3 rats
17 creatures vanquished.

Notes
Turn   | Place    | Note
-------+----------+-------------------------------------------
     0 | D:1      | funkygono the Gargoyle Conjurer began the quest for the
                  | Orb.
     0 | D:1      | Reached XP level 1. HP: 10/10 MP: 3/3
   941 | D:2      | Reached XP level 2. HP: 15/15 MP: 0/5
  1302 | D:2      | Noticed Sigmund
  1513 | D:2      | Learned a level 2 spell: Searing Ray
  1536 | D:2      | Slain by a worm
  1537 | D:2      | Reached XP level 1. HP: -1/10 MP: 0/3
  1576 | D:2      | Reached XP level 2. HP: 15/15 MP: 5/5
  1584 | D:2      | Found a burning altar of Makhleb.
  1584 | D:2      | Noticed a crimson imp
  1707 | D:2      | Slain by a crimson imp
  1708 | D:2      | Reached XP level 1. HP: -1/10 MP: 3/3
  1760 | D:4      | Slain by an adder

Action                   || total
-------------------------++-------
Melee: Whip              ||    76
       Unarmed           ||     4
       Mace              ||    11
 Cast: Magic Dart        ||    33
       Searing Ray       ||     2
  Use: Scroll            ||     3
  Eat: Chunk             ||     2
Armor: Robe              ||     4
       Leather armour    ||    39
Dodge: Dodged            ||    64
